 Dungeon Crawl Stone Soup version 0.19-a0-607-g42021f0 (webtiles) character file.

719 georgeearnest the Covered (level 7, -7/60 HPs)
             Began as a Hill Orc Fighter on June 12, 2016.
             Was a Follower of Beogh.
             Mangled by a cyclops (23 damage)
             ... on level 8 of the Dungeon.
             The game lasted 00:10:10 (5456 turns).

georgeearnest the Covered (Hill Orc Fighter)        Turns: 5456, Time: 00:10:11

Health: -7/60      AC:  9    Str: 21    XL:     7   Next: 70%
Magic:  7/7        EV:  9    Int:  8    God:    Beogh [*.....]
Gold:   365        SH: 10    Dex: 10    Spells: 0 memorised, 6 levels left

rFire  . . .     SeeInvis .     a - +0 war axe
rCold  . . .     Gourm    .     b - +0 scale mail
rNeg   . . .     Faith    .     c - +0 shield
rPois  .         Spirit   .     (no helmet)
rElec  .         Dismiss  .     u - +0 cloak
rCorr  +         Reflect  .     (no gloves)
SustAt .         Harm     .     (no boots)
MR     +....                    (no amulet)
Stlth  ..........               s - ring of resist corrosion
                                i - ring of protection from magic

@: somewhat resistant to hostile enchantments, extremely unstealthy
A: no striking features
a: Renounce Religion


You were on level 8 of the Dungeon.
You worshipped Beogh.
Beogh was aware of your devotion.
You were not hungry.

You visited 1 branch of the dungeon, and saw 6 of its levels.

You collected 365 gold pieces.

Inventory:

Hand Weapons
 a - a +0 war axe (weapon)
Armour
 b - a +0 scale mail (worn)
 c - a +0 shield (worn)
 u - a +0 cloak (worn)
Jewellery
 i - a ring of protection from magic (left hand)
 m - a +6 ring of intelligence
 s - a ring of resist corrosion (right hand)
 w - an uncursed ring of positive energy {unknown}
 y - an uncursed ring of poison resistance {unknown}
 C - a cursed -2 ring of strength {unknown}
Wands
 t - a wand of teleportation (2/9)
 x - a wand of heal wounds (2/9)
Scrolls
 e - a scroll of enchant weapon {unknown}
 h - 2 scrolls of fear {unknown}
 j - a scroll of random uselessness {unknown}
 k - 5 scrolls of remove curse {unknown}
 l - 4 scrolls of identify {unknown}
 p - a scroll of enchant armour {unknown}
 q - 2 scrolls of amnesia {unknown}
 A - a scroll of summoning {unknown}
Potions
 d - a potion of might
 g - 3 potions of agility
 r - 2 potions of brilliance
 z - a potion of curing {unknown}
 B - a potion of lignification {unknown}
Comestibles
 f - 4 bread rations
 n - 2 slices of pizza
 o - 4 beef jerkies
 v - a meat ration


   Skills:
 + Level 4.8 Fighting
 + Level 5.1 Axes
 + Level 5.5 Armour
 + Level 2.7 Dodging
 + Level 0.5 Stealth
 + Level 5.5 Shields


You had 6 spell levels left.
You didn't know any spells.

Dungeon Overview and Level Annotations

Branches:
Dungeon (5/15)             Temple (0/1) D:4

Altars:
Ashenzari
Gozag
Hepliaklqana
Kikubaaqudgha
Pakellas

Shops:
D:4 *

Annotations:
D:5 Blork the orc


Message History

The cyclops hits you!!
You slash the cyclops!
The cyclops is moderately wounded.
You slash the cyclops!
The cyclops is heavily wounded.
You block the cyclops's attack.
You slash the cyclops!
The cyclops is heavily wounded.
You block the cyclops's attack.
Your shield and scale mail prevent you from hitting the cyclops.
The cyclops is heavily wounded.
The cyclops closely misses you.
You slash the cyclops!
The cyclops is severely wounded.
The cyclops hits you!!
* * * LOW HITPOINT WARNING * * *
You slash the cyclops!
The cyclops is almost dead.
The cyclops hits you!!
You die...

.#...#.####.......#
#.# .....#.# #######.#
#.# .#..##. .# #.###
.#... ## #...# .##.##
####### ########.# ..
.# #.....# #...# #.#
#.....# #.#.# #.#
#....C# #.#.# #.#
###.##@####.#.####.##
............[#.#.....#
####.#.#######.##.#..#
#.......#.....##.#..#
#...#.#.#.######.####
....#......##.....#
......##.####.#####
########.####.#
#.............#


You could see a cyclops.

Vanquished Creatures
  The ghost of tstbtto the Poker, an amateur CeGl (D:3)
  A phantom (D:4)
  A centaur (D:8)
  A howler monkey (D:5)
  A crimson imp (D:4)
  A hound (D:5)
  An orc priest (D:3)
  A jelly (D:4)
  3 worker ants (D:4)
  3 hound skeletons
  7 adders
  An ooze (D:1)
  A dart slug (D:1)
  3 giant geckos
  6 orcs
  2 giant cockroaches
  10 goblins
  6 hobgoblins
  8 jackals
  2 quokkas
  5 bats
  A giant gecko skeleton (D:4)
  3 giant newts (D:3)
  7 kobolds
  9 rats
85 creatures vanquished.

Vanquished Creatures (others)
  A goblin (D:3)
1 creature vanquished.

Grand Total: 86 creatures vanquished

Notes
Turn   | Place    | Note
--------------------------------------------------------------
     0 | D:1      | georgeearnest the Hill Orc Fighter began the quest for the Orb.
     0 | D:1      | Reached XP level 1. HP: 19/19 MP: 1/1
    65 | D:1      | Reached XP level 2. HP: 13/27 MP: 2/2
   573 | D:1      | Reached XP level 3. HP: 33/33 MP: 3/3
  1303 | D:2      | Found an opulent altar of Gozag.
  1449 | D:2      | Found a faded altar of an unknown god.
  1516 | D:2      | Reached XP level 4. HP: 40/40 MP: 4/4
  1522 | D:2      | Reached skill level 1 in Dodging
  1850 | D:3      | Noticed tstbtto's ghost (amateur CeGl)
  1873 | D:3      | Killed tstbtto's ghost
  1873 | D:3      | Reached XP level 5. HP: 24/46 MP: 5/5
  2072 | D:3      | Became a worshipper of Beogh the Brigand
  2281 | D:3      | Reached XP level 6. HP: 44/52 MP: 6/6
  2776 | D:4      | Found a staircase to the Ecumenical Temple.
  2817 | D:4      | Reached * piety under Beogh
  2817 | D:4      | Reached skill level 5 in Shields
  2838 | D:4      | Found an opulent altar of Gozag.
  2849 | D:4      | Noticed Blork the orc
  2863 | D:5      | Entered Level 5 of the Dungeon
  3048 | D:4      | Found a hazy altar of Hepliaklqana.
  3087 | D:4      | Noticed a phantom
  3142 | D:4      | Killed a phantom
  3142 | D:4      | Reached skill level 5 in Armour
  3142 | D:4      | Reached XP level 7. HP: 33/60 MP: 7/7
  3145 | D:4      | Found an ancient bone altar of Kikubaaqudgha.
  3753 | D:4      | Found a shattered altar of Ashenzari.
  3959 | D:4      | Found an oddly glowing altar of Pakellas.
  3996 | D:4      | Found Gumeomod's General Store.
  4693 | D:4      | Reached skill level 5 in Axes
  5089 | D:5      | You fall through a shaft for 3 floors!
  5449 | D:8      | Noticed a cyclops
  5456 | D:8      | Mangled by a cyclops

Vault maps used:
D:1:      lightli_arrival_maybe_door_vault, roderic_serpentine_path,
          grunt_decor_arrowhead
D:2:      ecumenical_altar_2, grunt_gozag_breadcrumbs
D:4:      nicolae_overflow_quartered_altars, kennysheep_little_box,
          minmay_temple_entry_overgrown, serial_shops,
          nicolae_shop_behind_doors, first_bread, uniq_blork_the_orc
D:5:      minmay_strange_pillars, kennysheep_boxes
D:8:      uniq_erica

Skill      XL: |  1  2  3  4  5  6  7 |
---------------+----------------------+-----
Fighting       | 4 |  4.8
Axes           | 3 4 5 |  5.1
Dodging        | 1 2 |  2.7
Armour         | 4 5 |  5.5
Shields        | 4 5 |  5.5
Stealth        | |  0.5

Action                   |  1- 3 |  4- 6 |  7- 9 || total
-------------------------+-------+-------+-------++-------
Melee: War axe           |   135 |   170 |    96 ||   401
Invok: Convert to Beogh  |       |     1 |       ||     1
  Use: Potion            |       |     5 |       ||     5
  Eat: Bread ration      |     1 |     1 |     2 ||     4
Armor: Scale mail        |    81 |    52 |    41 ||   174
Dodge: Dodged            |    43 |    60 |    41 ||   144
Block: Shield            |    70 |    95 |    52 ||   217
